 Dungeon Crawl Stone Soup version 0.25-a0-87-ga3d287bc14 (webtiles) character file.

Game seed: 12475811053592083722, levelgen mode: deterministic

51053 koomeeoh the Severer (level 14, -5/130 HPs)
             Began as a Minotaur Berserker on Nov 10, 2019.
             Was a High Priest of Trog.
             Slain by a cyclops (16 damage)
             ... on level 15 of the Dungeon.
             The game lasted 00:34:21 (16462 turns).

koomeeoh the Severer (Minotaur Berserker)          Turns: 16462, Time: 00:34:22

Health: -5/130     AC: 17    Str: 27    XL:     14   Next: 22%
Magic:  12/15      EV: 10    Int:  5    God:    Trog [*****.]
Gold:   700        SH:  0    Dex: 12    Spells: 13/13 levels left

rFire    + + .     SeeInvis .   a - +2 hand axe (elec)
rCold    . . .     Gourm    .   I - +2 buckler {reflect}
rNeg     + . .     Faith    +   t - +3 chain mail {rF+}
rPois    .         Spirit   .   (helmet restricted)
rElec    .         Reflect  +   r - +1 cloak {MR+}
rCorr    .         Harm     .   N - +2 pair of gloves {Str+3}
MR       ++++.                  (no boots)
Stlth    ..........             s - amulet of faith
HPRegen  1.31/turn              Q - ring of protection from fire
MPRegen  0.14/turn              P - ring of positive energy

@: confused, corroded, berserk cooldown, regenerating, slowed, very slow
A: retaliatory headbutt, horns 2
a: Berserk, Trog's Hand, Brothers in Arms, Renounce Religion


You were on level 15 of the Dungeon.
You worshipped Trog.
Trog was extremely pleased with you.
You were not hungry.

You visited 1 branch of the dungeon, and saw 15 of its levels.
You also visited: Bailey.

You collected 1295 gold pieces.
You spent 595 gold pieces at shops.

Inventory:

Hand Weapons
 a - a +2 hand axe of electrocution (weapon)
 e - a +2 scimitar of flaming
 n - a +2 antimagic broad axe
 v - a +4 halberd
Missiles
 w - 27 boomerangs (quivered)
 y - 5 throwing nets
 A - 11 atropa-tipped darts
 M - 6 curare-tipped darts
 R - 29 poisoned darts
 S - 6 javelins
Armour
 b - a +4 ring mail of poison resistance
 r - a +1 cloak of magic resistance (worn)
 t - a +3 chain mail of fire resistance (worn)
 u - a scarf of cloud immunity
 C - a +1 robe of resistance
 I - a +2 buckler of reflection (worn)
 N - a +2 pair of gloves of strength (worn)
 O - a +0 shield
Jewellery
 s - an amulet of faith (around neck)
 F - an uncursed amulet of guardian spirit
 P - a ring of positive energy (right hand)
 Q - a ring of protection from fire (left hand)
Wands
 j - a wand of iceblast (7)
 x - a wand of flame (27)
 D - a wand of acid (18)
 K - a wand of scattershot (5)
Scrolls
 f - a scroll of fear
 g - a scroll of magic mapping
 h - 6 scrolls of remove curse
 k - 4 scrolls of identify
 o - a scroll of fog
 z - a scroll of teleportation
 B - 2 scrolls of enchant weapon
 H - 3 scrolls of immolation
Potions
 d - 5 potions of resistance
 i - a potion of lignification
 l - 6 potions of curing
 m - 2 potions of magic
 p - a potion of cancellation
 q - a potion of might
 G - a potion of agility
 J - 3 potions of brilliance
 L - a potion of flight
Comestibles
 c - 22 rations


   Skills:
 + Level 13.6 Fighting
 - Level 1.1 Long Blades
 + Level 16.7 Axes
 * Level 10.6 Throwing
 * Level 12.4 Armour
 - Level 2.3 Dodging
 * Level 9.0 Shields
 * Level 3.4 Evocations


You had 13 spell levels left.
You didn't know any spells.
Your spell library was empty.

Dungeon Overview and Level Annotations

Branches:
Dungeon (15/15)            Temple (0/1) D:6            Lair (0/6) D:9
    Orc (0/2) D:9          Vaults (0/5) D:13         Bailey (visited)
 Depths: D:15

Altars:
Cheibriados
Elyvilon
Gozag
Vehumet
Beogh

Shops:
D:12 [

Annotations:
D:4 exclusion: statue


Innate Abilities, Weirdness & Mutations

You reflexively headbutt those who attack you in melee.
You have a pair of horns on your head.


Message History

Things that are here:
a large rock; an ugly thing corpse You completely miss the cyclops.
The cyclops barely misses you. You furiously retaliate!
You headbutt the cyclops, but do no damage.
You slash the cyclops!
The cyclops is lightly wounded.
You hit the cyclops but do no damage. The cyclops hits you.
* * * LOW HITPOINT WARNING * * *
You are confused.
You feel invigorated.
You feel the effects of Trog's Hand fading.
The cyclops hits you.
* * * LOW HITPOINT WARNING * * *
The hornet zombie hits you.
* * * LOW HITPOINT WARNING * * *
The cyclops hits you.
* * * LOW HITPOINT WARNING * * *
The cyclops hits you!
You die...

..... .......# ##...
###.....(# #...
.'......# #... #......#
#... #......+ #...
#......# #... #.<.CC.#
#... #...[@.# #...
#...Z(.############...
.#.....................
..'.....................
###.....................
.........(..............
.....######.............
..... #.............
..... #.............


You could see 2 cyclopes and a hornet zombie.

Vanquished Creatures
  Harold (D:9)
  8 vault guards
  Erica (D:8)
  A hydra (D:12)
  3 centaur warriors
  A death knight (D:14)
  5 two-headed ogres
  5 tengu warriors
  The ghost of ivs the Slicer, a journeyman VSFi of Uskayaw (D:10)
  A shadow wraith (D:12)
  4 skeletal warriors
  3 unseen horrors
  A deep elf archer (D:12)
  A phantasmal warrior (D:14)
  A deep elf mage (D:14)
  12 ugly things
  5 cyclopes
  3 manticores
  A spectral centaur (D:10)
  Joseph (D:9)
  2 gargoyles (D:14)
  3 centaur skeletons
  A kobold demonologist (D:14)
  3 freezing wraiths (D:14)
  A komodo dragon (D:11)
  5 trolls
  A merfolk (D:11)
  3 meliai (D:13)
  Prince Ribbit (D:5)
  A hornet (D:7)
  4 slime creatures
  A meliai zombie (D:13)
  A centaur simulacrum (D:10)
  A spriggan (D:11)
  12 yaks
  2 wraiths
  A basilisk (D:14)
  2 wyverns
  A human (D:11)
  A vampire mosquito (D:12)
  2 hungry ghosts
  A soldier ant (D:14)
  3 acid dragons
  Duvessa (D:5)
  15 orc warriors
  2 water moccasins
  2 sky beasts
  5 ice beasts
  11 ogres
  5 necrophages
  2 phantoms
  11 centaurs
  2 crocodiles
  3 big kobolds
  10 bullfrogs
  8 scorpions
  A wyvern skeleton (D:11)
  Dowan (D:5)
  13 killer bees
  16 wights
  6 centaur zombies
  6 crimson imps
  A quasit (D:12)
  4 hounds
  Crazy Yiuf (D:5)
  7 jellies
  19 orc wizards
  2 bullfrog skeletons
  A bullfrog zombie (D:7)
  12 orc priests
  5 iguanas
  7 worker ants
  2 bullfrog simulacra (D:10)
  A howler monkey zombie (D:10)
  2 howler monkey skeletons
  6 gnolls
  24 adders
  4 shadow imps
  3 oozes
  2 adder zombies
  4 worms
  2 dart slugs (D:2)
  8 leopard geckos
  76 orcs
  5 giant cockroaches
  8 hobgoblins
  11 jackals
  32 kobolds
  8 quokkas
  2 ball pythons
  7 bats
  3 frilled lizards
  7 goblins
  A leopard gecko skeleton (D:4)
  7 rats
  2 withered plants (D:7)
518 creatures vanquished.

Notes
Turn   | Place    | Note
-------+----------+-------------------------------------------
     0 | D:1      | koomeeoh the Minotaur Berserker began the quest for the
                  | Orb.
     0 | D:1      | Reached XP level 1. HP: 19/19 MP: 0/0
   187 | D:1      | Reached XP level 2. HP: 21/27 MP: 1/1
   388 | D:1      | Reached skill level 4 in Axes
  1025 | D:2      | Reached ** piety under Trog
  1025 | D:2      | Reached XP level 3. HP: 31/33 MP: 2/2
  1117 | D:2      | Reached XP level 4. HP: 24/41 MP: 3/3
  1611 | D:2      | Reached skill level 5 in Axes
  1932 | D:3      | Reached skill level 5 in Fighting
  2157 | D:3      | Reached XP level 5. HP: 47/48 MP: 4/4
  2481 | D:3      | Reached skill level 6 in Axes
  2532 | D:3      | Reached XP level 6. HP: 32/56 MP: 5/5
  2945 | D:3      | Reached *** piety under Trog
  3379 | D:4      | Reached skill level 7 in Axes
  3417 | D:4      | Reached XP level 7. HP: 57/62 MP: 6/6
  3602 | D:4      | Reached skill level 8 in Axes
  3634 | D:4      | Received a gift from Trog
  3671 | D:4      | You fall into a shaft and drop 2 floors!
  3705 | D:5      | Entered Level 5 of the Dungeon
  3715 | D:5      | Reached skill level 5 in Armour
  3821 | D:5      | Reached skill level 9 in Axes
  3821 | D:5      | Reached XP level 8. HP: 55/71 MP: 7/7
  4068 | D:5      | Noticed Prince Ribbit
  4075 | D:5      | Killed Prince Ribbit
  4075 | D:5      | Reached skill level 1 in Throwing
  4084 | D:4      | Reached **** piety under Trog
  4335 | D:4      | Reached skill level 10 in Axes
  4393 | D:4      | Found a radiant altar of Vehumet.
  4640 | D:5      | Noticed Dowan
  4663 | D:5      | Killed Dowan
  4668 | D:5      | Noticed Duvessa
  5069 | D:5      | Found a runed translucent door.
  5070 | D:5      | Noticed Crazy Yiuf
  5259 | D:5      | Killed Duvessa
  5379 | D:5      | Killed Crazy Yiuf
  5555 | D:6      | Reached XP level 9. HP: 59/79 MP: 8/8
  5933 | D:6      | Found a staircase to the Ecumenical Temple.
  5940 | D:6      | Reached skill level 11 in Axes
  6444 | D:7      | Reached ***** piety under Trog
  6493 | D:7      | Found a snail-covered altar of Cheibriados.
  6780 | D:7      | Reached skill level 12 in Axes
  6834 | D:7      | Found a white marble altar of Elyvilon.
  6900 | D:8      | Reached XP level 10. HP: 88/89 MP: 9/9
  6992 | D:8      | Found a flagged portal.
  7002 | D:8      | Received a gift from Trog
  7104 | Bailey   | Entered a bailey
  7384 | Bailey   | Found a burning altar of Makhleb.
  7578 | D:8      | Noticed Erica
  7592 | D:8      | Killed Erica
  7592 | D:8      | Reached skill level 13 in Axes
  8050 | D:9      | Noticed Harold
  8057 | D:9      | Killed Harold
  8057 | D:9      | Reached skill level 5 in Throwing
  8350 | D:9      | Found a roughly hewn altar of Beogh.
  8350 | D:9      | Found a staircase to the Orcish Mines.
  8351 | D:9      | Noticed a two-headed ogre
  8370 | D:9      | Killed a two-headed ogre
  8370 | D:9      | Reached skill level 10 in Fighting
  8376 | D:9      | Reached XP level 11. HP: 97/99 MP: 10/10
  8383 | D:9      | Received a gift from Trog
  8458 | D:9      | Found a staircase to the Lair.
  8512 | D:9      | Noticed Joseph
  8523 | D:9      | Killed Joseph
  8862 | D:10     | Entered Level 10 of the Dungeon
  9367 | D:10     | Found a runed translucent gate.
  9368 | D:10     | Found a runed translucent gate.
  9369 | D:10     | Found a runed translucent gate.
  9374 | D:10     | Noticed ivs's ghost (journeyman VSFi)
  9413 | D:10     | Reached skill level 14 in Axes
  9421 | D:10     | Killed ivs's ghost
  9527 | D:10     | Noticed a two-headed ogre
  9575 | D:10     | Killed a two-headed ogre
  9858 | D:11     | Noticed a two-headed ogre
  9858 | D:11     | Noticed a two-headed ogre
  9866 | D:11     | Killed a two-headed ogre
  9868 | D:11     | Killed a two-headed ogre
  9870 | D:11     | Received a gift from Trog
  9871 | D:11     | Reached skill level 10 in Armour
  9913 | D:11     | Reached skill level 15 in Axes
 10015 | D:11     | Noticed a two-headed ogre
 10027 | D:11     | Killed a two-headed ogre
 10027 | D:11     | Reached XP level 12. HP: 68/110 MP: 11/11
 11034 | D:12     | Noticed an eight-headed hydra
 11040 | D:12     | Killed a five-headed hydra
 11040 | D:12     | Received a gift from Trog
 11520 | D:12     | Reached skill level 1 in Long Blades
 11664 | D:12     | Found Dikhioru's Armour Boutique.
 11688 | D:12     | Bought a +2 pair of gloves of strength for 301 gold pieces
 11688 | D:12     | Bought a +0 shield for 63 gold pieces
 11859 | D:12     | Reached skill level 1 in Shields
 12102 | D:12     | Noticed a tengu warrior
 12110 | D:12     | Killed a tengu warrior
 12151 | D:12     | Identified the +5 trident of Cataclysm {flame, Dex+7} (You
                  | found it on level 12 of the Dungeon)
 12769 | D:12     | Bought a +1 cloak of magic resistance for 231 gold pieces
 12978 | D:13     | Noticed a vault guard
 12981 | D:13     | Noticed a vault guard
 12983 | D:13     | Reached skill level 16 in Axes
 12984 | D:13     | Noticed a vault guard
 12987 | D:13     | Reached XP level 13. HP: 106/119 MP: 12/12
 13210 | D:13     | Reached skill level 5 in Shields
 13215 | D:13     | Received a gift from Trog
 13249 | D:13     | Found a gate to the Vaults.
 13485 | D:13     | Reached skill level 1 in Evocations
 13485 | D:13     | Reached skill level 10 in Throwing
 13657 | D:13     | Found an opulent altar of Gozag.
 13712 | D:13     | Received a gift from Trog
 15005 | D:14     | Received a gift from Trog
 15664 | D:14     | Reached XP level 14. HP: 110/129 MP: 5/15
 16251 | D:15     | Entered Level 15 of the Dungeon
 16462 | D:15     | Slain by a cyclops

Levels and vault maps discovered:
D:1:      zaba_arrival_water, layout_basic
D:2:      layout_basic
D:3:      layout_basic
D:4:      layout_basic, vehumet_statue
D:5:      layout_cave_pods, first_ration, wad_floor_pattern_untrapped,
          kennysheep_generic_room_8, uniq_duvessa, uniq_crazy_yiuf_cottage,
          uniq_prince_ribbit1
D:6:      layout_loops_ring, minmay_temple_entry_statues
D:7:      layout_gridville, basic_altar, serial_undead, serial_undead_d,
          serial_undead_e, serial_undead_b, serial_undead_b, serial_undead_e,
          serial_undead_e, serial_undead_c, cheibriados_altar_1
D:8:      layout_loops_ring, enter_bailey_6, uniq_erica
D:9:      layout_roguey, dpeg_oklobed_lair, david_orc_5, uniq_harold,
          uniq_joseph
D:10:     layout_small_grid, gammafunk_ghost_necromancy, minmay_misc_feat_plants
D:11:     layout_cave_pools, serial_shops, kennysheep_mini, hangedman_stone_soup
D:12:     minmay_the_grid_square_5x5_3x3 [minmay_the_grid_square_5x5_six_small,
          minmay_the_grid_square_5x5_spiral_small,
          minmay_the_grid_square_5x5_gyroscope,
          minmay_the_grid_square_5x5_empty,
          minmay_the_grid_square_5x5_megaprize_open,
          minmay_the_grid_square_5x5_sharp_hourglass,
          minmay_the_grid_square_5x5_n_small,
          minmay_the_grid_square_5x5_three_walls,
          minmay_the_grid_square_5x5_intrusive_squares], layout_layer_cave,
          serial_shops, nicolae_shop_waterfront
D:13:     layout_big_octagon, erik_vaults_2, st_stairs_1,
          nicolae_gozag_cash_rules_everything_around_me
D:14:     layout_long_grid, hangedman_abyss_or_decor_clamps
D:15:     grunt_enter_depths_snipers, layout_irregular_city, st_stairs_4,
          chequers_avenue

Skill      XL: |  1  2  3  4  5  6  7  8  9 10 11 12 13 14 |
---------------+-------------------------------------------+-----
Fighting       | 4 5 6 7 9 10 11 12 13 | 13.6
Axes           | 4 5 6 7 9 10 12 13 15 16 | 16.7
Armour         | 3 4 5 7 8 9 10 11 12 | 12.4
Throwing       | 2 6 8 9 10 | 10.6
Long Blades    | 1 |  1.1
Shields        | 3 8 9 |  9.0
Evocations     | 2 3 |  3.4
Dodging        | |  2.3

Action                   |  1- 3 |  4- 6 |  7- 9 | 10-12 | 13-15 || total
-------------------------+-------+-------+-------+-------+-------++-------
Melee: Hand axe          |    87 |   136 |   223 |   539 |   210 ||  1195
       Headbutt          |    13 |    24 |    40 |   133 |    93 ||   303
       Scimitar          |       |       |       |     4 |       ||     4
       Broad axe         |       |       |       |       |   114 ||   114
Throw: Boomerang         |       |       |    14 |    37 |    13 ||    64
Invok: Berserk           |       |     4 |     3 |    13 |     3 ||    23
       Trog's Hand       |       |     3 |     1 |     4 |     3 ||    11
  Use: Potion            |       |       |       |    12 |     2 ||    14
       Scroll            |       |       |       |    11 |     2 ||    13
 Stab: Sleeping          |       |     2 |       |     4 |       ||     6
  Eat: Chunk             |     1 |    11 |    14 |    32 |     8 ||    66
       Ration            |       |       |       |     1 |     2 ||     3
Armor: Animal skin       |    19 |     3 |       |       |       ||    22
       Chain mail        |       |    24 |       |    11 |   150 ||   185
       Scale mail        |       |    10 |    28 |       |       ||    38
       Ring mail         |       |       |    37 |   151 |       ||   188
Dodge: Dodged            |    59 |    65 |    96 |   223 |    70 ||   513
Block: Shield            |       |       |       |    38 |   139 ||   177
       Buckler           |       |       |       |       |     6 ||     6

Table legend:
 A = Non-vault XP
 B = Vault XP
 C = Vault XP percentage of total XP
 D = Non-vault monster count
 E = Vault monster count
 F = Vault count percentage of total count
                 A         B        C        D         E       F
            +---------+---------+-------+---------+---------+-------
      Total |   51418 |   21516 |  29.5 |     420 |      96 |  18.6
            +---------+---------+-------+---------+---------+-------
        D:1 |      27 |       0 |   0.0 |      18 |       0 |   0.0
        D:2 |     105 |       0 |   0.0 |      25 |       0 |   0.0
        D:3 |     374 |       0 |   0.0 |      42 |       0 |   0.0
        D:4 |     807 |       0 |   0.0 |      38 |       0 |   0.0
        D:5 |     817 |     559 |  40.6 |      13 |       6 |  31.6
        D:6 |     719 |       0 |   0.0 |      15 |       0 |   0.0
        D:7 |    1142 |     807 |  41.4 |      27 |      10 |  27.0
        D:8 |    1394 |     955 |  40.7 |      24 |       1 |   4.0
        D:9 |    1999 |    2251 |  53.0 |      26 |      24 |  48.0
       D:10 |    2981 |    1419 |  32.2 |      35 |       6 |  14.6
       D:11 |    6174 |     841 |  12.0 |      35 |       4 |  10.3
       D:12 |    6824 |    7068 |  50.9 |      36 |      19 |  34.5
       D:13 |    5185 |    6955 |  57.3 |      28 |       8 |  22.2
       D:14 |   17967 |       0 |   0.0 |      45 |       0 |   0.0
       D:15 |    4903 |     243 |   4.7 |      13 |       2 |  13.3
     Bailey |       0 |     418 | 100.0 |       0 |      16 | 100.0
            +---------+---------+-------+---------+---------+-------
